Unix NetHack Version 3.7.0-53 Work-in-progress - last build Apr 11 2022 03:59:15 (1e4a17dd8e4cd83bd3ef5d46a59529246cfc2aae,branch:master). Game began 2022-04-13 23:17:07, ended 2022-04-14 00:00:35. Anerag, lawful female human Samurai ----------- ------------------ |.%.......| .........|...^...| |...------- --.|...{.|.-----.| --------- |...|..... |.|.....|...|.|.| |.|.....| -----.|.|.-- |.---.---...|.|.| --|.|%---.--- |...|...|.. |...|.......|.|.| |.|...| |...| |.|.|.|.| -----------.-----...|.|.--|.|.-------.| ..|.|...|.. |.........|...| |.....|...|.|.%...|...| -.|.|--.| |.........|.|.-----.|.---.|.-----.|.--| .....| |.| |....<....-.|.....|.|...|.|.......|...| .....--|.| --|.........|------.|-|.|.|.|%---------.| .......|...|.|........%|...|.M.| |.|.|.|.|.|.....|.| |.|.-------.----------|[|.|@--- |.|.|.|.|.|.....-.| |.|.| |...^...........|.|.g.| |.|...|...|.....|.| |.|.|--.|.-----------.|.|.-.| --|.-------------.| |.|.|...|.|.......|...|.|...| |..............+| |.|.|...|.|.-.---.|.-.|.|.--- ---------------.| |.........|.....|.......|.| ...^.| --------------------------- ------ Anerag the Kunoichi St:13 Dx:16 Co:18 In:10 Wi:9 Ch:6 Lawful Dlvl:11 $:0 HP:0(64) Pw:25(25) AC:-2 Exp:7 T:4680 Latest messages: This cookie has a scrap of paper inside. It reads: Never ride a long worm. There is a fortune cookie here; eat it? [ynq] (n) y This fortune cookie is delicious! This cookie has a scrap of paper inside. It reads: They say that carrots and carrot juice may improve your vision. You hit the dwarf zombie! You destroy the dwarf zombie! Your lantern is getting dim. You fall into a pit! You land on a set of sharp iron spikes! The spikes were poisoned! You feel weaker! You are still in a pit. You are still in a pit. You are still in a pit. You are still in a pit. You are still in a pit. You crawl to the edge of the pit. You see here 2 green gems. k - 2 green gems. Your lantern is getting dim. You see here a green gem. n - a green gem. You see here a pair of iron shoes. You see here a pair of iron shoes. What do you want to take off? [gCDE or ?*] C You finish taking off your shoes. What do you want to drop? [a-df-nqrzC-FHKMNTUX-Z or ?*] C You drop an uncursed rusty +0 pair of iron shoes. o - a pair of iron shoes. What do you want to wear? [o or ?*] o You finish your dressing maneuver. The ettin mummy hits! The ettin mummy misses! You hit the ettin mummy. The ettin mummy hits! The ettin mummy hits! You hit the ettin mummy! You hit the ettin mummy! The ettin mummy hits! The ettin mummy hits! You hit the ettin mummy. Are you sure you want to pray? [yn] (n) y You begin praying to Amaterasu Omikami. The gargoyle hits! You die... Do you want your possessions identified? [ynq] (y) q Major events: Turn 1: Anerag the lawful female human Samurai entered the dungeon 507: entered the Gnomish Mines 703: attained the rank of Ronin (level 3) 1319: reached Mine Town 1395: attained the rank of Kunoichi (level 6) 4564: acquired the Mines' End luckstone 4680: killed by a gargoyle, while praying Inventory: Amulets N - an uncursed amulet of reflection Weapons d - 27 uncursed +0 ya (in quiver) c - an uncursed +0 yumi (alternate weapon; not wielded) a - an uncursed thoroughly rusty +0 katana (weapon in hand) Armor g - a blessed rusty +2 orcish helm (being worn) o - an uncursed +0 pair of iron shoes (being worn) D - an uncursed +0 dwarvish roundshield (being worn) E - a blessed burnt +0 dwarvish cloak (being worn) F - an uncursed +0 dwarvish mithril-coat (being worn) Comestibles z - 2 uncursed gunyoki M - 2 uncursed lichen corpses Scrolls Y - an uncursed scroll of confuse monster T - an uncursed scroll of enchant weapon Rings H - a blessed +2 ring of gain strength (on right hand) Wands K - an uncursed wand of magic missile (0:6) f - an uncursed wand of polymorph (0:3) i - an uncursed wand of striking (0:6) q - an uncursed wand of striking (0:5) Tools l - an uncursed brass lantern (lit) j - an uncursed +0 pick-axe m - an uncursed skeleton key named fire U - an uncursed tin opener Gems/Stones b - an uncursed amethyst stone k - 2 uncursed emeralds Z - 2 uncursed rubies n - an uncursed worthless piece of green glass X - 4 uncursed worthless pieces of violet glass h - an uncursed luckstone r - an uncursed touchstone Anerag the Samurai's attributes: Background: You were a Kunoichi, a level 7 female human Samurai. You were lawful, on a mission for Amaterasu Omikami who was opposed by Raijin (neutral) and Susanowo (chaotic). You were in the Gnomish Mines, on level 11. You entered the dungeon 4680 turns ago. It was the midnight hour. You had 1069 experience points, 211 more were needed to attain level 8. Basics: You had 0 out of 64 hit points. You had all 25 energy points (spell power). Your armor class was -2. Your wallet was empty. Autopickup was on for '$' plus thrown. Final Characteristics: Your strength was 13 (base:11, peak:16, limit:18/100). Your dexterity was 16 (peak:17, limit:18). Your constitution was 18 (limit:18). Your intelligence was 10 (limit:18). Your wisdom was 9 (limit:18). Your charisma was 6 (limit:18). Final Status: You were not hungry. You were unencumbered. You were wielding a long sword. You had expert skill with long sword. Final Attributes: You were piously aligned. You were fire resistant. You were telepathic. You were guarded. You were fast. You were lucky. You had extra luck. Bad luck did not time out for you. Good luck did not time out for you. You are dead. Miscellaneous: You disabled loading of bones levels. Total elapsed playing time was 43 minutes and 28 seconds. Vanquished creatures: 2 vampires a large mimic a warg a flaming sphere 2 large cats a leocrotta a red naga an ettin zombie a cockatrice 3 wolves a gremlin 2 giant spiders a horse 2 gnome rulers a rust monster an owlbear a dog a housecat 2 ravens 3 plains centaurs 4 gnome mummies a bugbear an orc shaman a rock mole a yellow light 15 gnome leaders 5 gnomish wizards 2 elf zombies a straw golem a giant ant 2 little dogs 2 floating eyes 2 kittens 6 dwarves a homunculus 2 kobold shamans 3 rothes a rabid rat a giant bat a monkey 3 dwarf zombies 2 iguanas 11 killer bees an acid blob 2 coyotes a gas spore 3 hobbits a hobgoblin a giant rat a yellow mold 59 gnomes 9 garter snakes a gnome zombie 2 geckos 2 jackals a fox a kobold 4 goblins 2 sewer rats 4 grid bugs a bat 5 lichens a kobold zombie 6 newts 206 creatures vanquished. No species were genocided or became extinct. Voluntary challenges: You read items or engraved 10 times. You never engraved Elbereth. You never genocided any monsters. You never polymorphed an object. You never changed form. You used no wishes. Achievements: You entered the Gnomish Mines. You attained the rank of Ronin. You entered Minetown. You attained the rank of Kunoichi. You entered a temple. You entered a shop. You completed the Gnomish Mines. The Dungeons of Doom: levels 1 to 3 Level 1: Some fountains. Level 2: A fountain. Stairs down to The Gnomish Mines. Level 3: The Gnomish Mines: levels 3 to 11 Level 3: Level 4: Level 5: Many shops, a temple, some fountains. Level 6: Level 7: Level 8: Level 9: Level 10: Level 11: <- You were here. A fountain. Final resting place for you, killed by a gargoyle, while praying. Game over: ---------- / \ / REST \ / IN \ / PEACE \ / \ | Anerag | | 0 Au | | killed by a | | gargoyle | | | | | | 2022 | *| * * * | * _________)/\\_//(\/(/\)/\//\/|_)_______ Sayonara Anerag the Samurai... You died in The Gnomish Mines on dungeon level 11 with 14034 points, and 0 pieces of gold, after 4680 moves. You were level 7 with a maximum of 64 hit points when you died.